 Dungeon Crawl Stone Soup version 0.25.1-8-g42b30a86e7 (webtiles) character file.

Game seed: 14479462417219634191

501 hawla the Conjurer (level 7, -1/50 HPs)
             Began as a Gnoll Conjurer on Dec 18, 2020.
             Killed by divine providence
             ... invoked by an orc priest
              (8 damage)
             ... on level 3 of the Dungeon.
             The game lasted 00:05:50 (2952 turns).

hawla the Conjurer (Gnoll Conjurer)                 Turns: 2952, Time: 00:05:51

Health: -1/50      AC:  3    Str: 10    XL:     7   Next: 17%
Magic:  5/15       EV: 15    Int: 19    God:
Gold:   129        SH:  0    Dex: 16    Spells: 10/17 levels left

rFire    . . .     SeeInvis .     - Unarmed
rCold    . . .     Gourm    .   (no shield)
rNeg     . . .     Faith    .   a - +0 robe
rPois    .         Spirit   .   (no helmet)
rElec    .         Reflect  .   (no cloak)
rCorr    .         Harm     .   f - +0 pair of gloves
MR       .....                  (no boots)
Stlth    +++.......             (no amulet)
HPRegen  0.16/turn              (no ring)
MPRegen  0.14/turn              (no ring)

@: no status effects
A: distributed training, fangs 1, strong nose
a: no special abilities


You were on level 3 of the Dungeon.
You were not hungry.

You visited 1 branch of the dungeon, and saw 3 of its levels.

You collected 129 gold pieces.

Inventory:

Armour
 a - a +0 robe (worn)
 f - a +0 pair of gloves (worn)
Scrolls
 e - 5 scrolls of remove curse {unknown}
 h - 2 scrolls of teleportation {unknown}
 j - a scroll of random uselessness {unknown}
 l - a scroll of immolation {unknown}
 n - a scroll of identify {unknown}
 q - a scroll of blinking {unknown}
Potions
 d - a potion of heal wounds {unknown}
 g - 3 potions of mutation {unknown}
 i - a potion of berserk rage {unknown}
 k - a potion of degeneration {unknown}
 m - a potion of ambrosia {unknown}
 o - a potion of haste {unknown}
Comestibles
 c - 5 rations
 p - a chunk of flesh


   Skills:
 + Level 2.2 Fighting
 + Level 2.2 Short Blades
 + Level 2.2 Long Blades
 + Level 2.2 Axes
 + Level 2.2 Maces & Flails
 + Level 2.2 Polearms
 + Level 2.2 Staves
 + Level 2.2 Slings
 + Level 2.2 Bows
 + Level 2.2 Crossbows
 + Level 2.2 Throwing
 + Level 2.2 Armour
 + Level 5.1 Dodging
 + Level 4.8 Stealth
 + Level 2.2 Shields
 + Level 2.2 Unarmed Combat
 + Level 5.5 Spellcasting
 + Level 7.3 Conjurations
 + Level 1.8 Hexes
 + Level 1.8 Charms
 + Level 1.8 Summonings
 + Level 1.8 Necromancy
 + Level 1.8 Translocations
 + Level 1.8 Transmutations
 + Level 1.8 Fire Magic
 + Level 1.8 Ice Magic
 + Level 1.8 Air Magic
 + Level 1.8 Earth Magic
 + Level 1.8 Poison Magic
 + Level 2.5 Invocations
 + Level 2.2 Evocations


You had 10 spell levels left.
You knew the following spells:

 Your Spells              Type           Power        Failure   Level  Hunger
a - Magic Dart            Conj           ####         1%          1    None
b - Searing Ray           Conj           ####..       1%          2    None
c - Iskenderun's Mystic   Conj/Tloc      ###.....     17%         4    ####...

Your spell library contained the following spells:

 Spells                   Type           Power        Failure   Level  Hunger
 Dazzling Flash           Conj/Hex       ###...       5%          3    ##.....
 Fulminant Prism          Conj/Hex       ###.......   17%         4    ####...


Dungeon Overview and Level Annotations

Branches:
Dungeon (3/15)

Altars:
Okawaru


Innate Abilities, Weirdness & Mutations

Your experience applies equally to all skills.
You have very sharp teeth.
Your uncanny sense of smell can sniff out nearby items.


Message History

The searing ray hits the orc warrior.
You kill the orc warrior!
You have reached level 7!
The searing ray hits the orc priest!
The orc priest is severely wounded.
You finish channeling your searing ray.
The orc priest calls down the wrath of Beogh upon you.
Pain shoots through your body!
* * * LOW HITPOINT WARNING * * *
The orc priest calls upon Beogh to heal the orc priest.
The orc priest is healed somewhat.
It was a potion of curing.
You feel better.
The orc priest calls down the wrath of Beogh upon you.
Beogh smites you!
* * * LOW HITPOINT WARNING * * *
The orc priest calls upon Beogh to heal the orc priest.
The orc priest is healed somewhat.
The orc priest mumbles some strange prayers to Beogh against you.
Beogh smites you!
You die...

......
##..####)....#.###....
#####
.........##......####.
###.#######......# #.
#.# ##......# #.
####.######.......#
##.
###..........)......#
#..
....##.#######......#
#)#
.........#############
#.# #######..@....<..
#.# ##.#######. #.#
#.# #.# #o# #.# #o#
#.# #r#∆ ##.#
...o...o..# #..#
..g.o....## #######...
..o.....## #.........


You could see 2 orc priests, an orc and a rat.

Vanquished Creatures
  Sigmund (D:3)
  An orc warrior (D:3)
  2 orc priests (D:3)
  An orc wizard (D:3)
  Ijyb (D:3)
  Terence (D:3)
  Robin (D:2)
  2 adders
  2 worms (D:2)
  3 dart slugs
  A leopard gecko (D:3)
  2 orcs
  A giant cockroach (D:1)
  16 goblins
  11 hobgoblins
  9 kobolds
  3 bats
  5 frilled lizards
  5 rats
68 creatures vanquished.

Notes
Turn   | Place    | Note
-------+----------+-------------------------------------------
     0 | D:1      | hawla the Gnoll Conjurer began the quest for the Orb.
     0 | D:1      | Reached XP level 1. HP: 13/13 MP: 6/6
    92 | D:1      | Reached XP level 2. HP: 19/19 MP: 1/7
   693 | D:1      | Reached XP level 3. HP: 20/25 MP: 6/9
   813 | D:1      | Reached skill level 5 in Spellcasting
  1217 | D:2      | Learned a level 2 spell: Searing Ray
  1495 | D:2      | Found an iron altar of Okawaru.
  1572 | D:2      | Reached skill level 1 in Invocations
  1579 | D:2      | Noticed Robin
  1668 | D:2      | Killed Robin
  1668 | D:2      | Reached skill level 1 in Fighting
  1668 | D:2      | Reached skill level 1 in Short Blades
  1668 | D:2      | Reached skill level 1 in Long Blades
  1668 | D:2      | Reached skill level 1 in Axes
  1668 | D:2      | Reached skill level 1 in Maces & Flails
  1668 | D:2      | Reached skill level 1 in Polearms
  1668 | D:2      | Reached skill level 1 in Staves
  1668 | D:2      | Reached skill level 1 in Slings
  1668 | D:2      | Reached skill level 1 in Bows
  1668 | D:2      | Reached skill level 1 in Crossbows
  1668 | D:2      | Reached skill level 1 in Throwing
  1668 | D:2      | Reached skill level 1 in Armour
  1668 | D:2      | Reached skill level 1 in Shields
  1668 | D:2      | Reached skill level 1 in Unarmed Combat
  1668 | D:2      | Reached skill level 1 in Evocations
  1669 | D:2      | Reached XP level 4. HP: 32/32 MP: 4/11
  2196 | D:3      | Noticed Sigmund
  2200 | D:3      | Killed Sigmund
  2200 | D:3      | Reached skill level 1 in Hexes
  2200 | D:3      | Reached skill level 1 in Charms
  2200 | D:3      | Reached skill level 1 in Summonings
  2200 | D:3      | Reached skill level 1 in Necromancy
  2200 | D:3      | Reached skill level 1 in Translocations
  2200 | D:3      | Reached skill level 1 in Transmutations
  2200 | D:3      | Reached skill level 1 in Fire Magic
  2200 | D:3      | Reached skill level 1 in Ice Magic
  2200 | D:3      | Reached skill level 1 in Air Magic
  2200 | D:3      | Reached skill level 1 in Earth Magic
  2200 | D:3      | Reached skill level 1 in Poison Magic
  2200 | D:3      | Reached XP level 5. HP: 38/38 MP: 7/12
  2200 | D:3      | Reached XP level 6. HP: 44/44 MP: 7/13
  2298 | D:2      | Learned a level 4 spell: Iskenderun's Mystic Blast
  2418 | D:3      | Reached skill level 5 in Dodging
  2666 | D:3      | Noticed Terence
  2671 | D:3      | Killed Terence
  2938 | D:3      | Noticed Ijyb
  2938 | D:3      | Noticed an orc warrior
  2948 | D:3      | Killed Ijyb
  2949 | D:3      | Killed an orc warrior
  2949 | D:3      | Reached XP level 7. HP: 21/50 MP: 6/15
  2952 | D:3      | Killed from afar by an orc priest

Illustrated notes

Levels and vault maps discovered:
D:1:      scummos_arrival_hexagon, layout_basic
D:2:      layout_loops_ring, okawaru_trees_2, first_ration, uniq_robin
D:3:      layout_rooms, uniq_sigmund, uniq_terence, uniq_ijyb

Skill      XL: |  1  2  3  4  5  6 |
---------------+-------------------+-----
Spellcasting   | 5 |  5.5
Invocations    | 1 2 |  2.5
Fighting       | 1 2 |  2.2
Short Blades   | 1 2 |  2.2
Long Blades    | 1 2 |  2.2
Axes           | 1 2 |  2.2
Maces & Flails | 1 2 |  2.2
Polearms       | 1 2 |  2.2
Staves         | 1 2 |  2.2
Slings         | 1 2 |  2.2
Bows           | 1 2 |  2.2
Crossbows      | 1 2 |  2.2
Throwing       | 1 2 |  2.2
Armour         | 1 2 |  2.2
Shields        | 1 2 |  2.2
Unarmed Combat | 1 2 |  2.2
Evocations     | 1 2 |  2.2
Hexes          | 1 |  1.8
Charms         | 1 |  1.8
Summonings     | 1 |  1.8
Necromancy     | 1 |  1.8
Translocations | 1 |  1.8
Transmutations | 1 |  1.8
Fire Magic     | 1 |  1.8
Ice Magic      | 1 |  1.8
Air Magic      | 1 |  1.8
Earth Magic    | 1 |  1.8
Poison Magic   | 1 |  1.8
Dodging        | 5 |  5.1
Stealth        | |  4.8
Conjurations   | |  7.3

Action                   |  1- 3 |  4- 6 |  7- 9 || total
-------------------------+-------+-------+-------++-------
Melee: Unarmed           |     2 |     2 |       ||     4
 Cast: Magic Dart        |    45 |    25 |       ||    70
       Searing Ray       |     7 |    16 |       ||    23
       Iskenderun's Myst |       |     1 |       ||     1
  Use: Potion            |       |       |     1 ||     1
 Stab: Sleeping          |     1 |       |       ||     1
  Eat: Chunk             |     2 |     4 |       ||     6
Armor: Robe              |     1 |     3 |       ||     4
Dodge: Dodged            |     2 |    26 |       ||    28
